[Event "Friday 13 April Rapid ET, 12+2, 7 rds, 16.00 ST"]
[Site "Infinity Chess"]
[Date "2018.4.13"]
[Round "7"]
[White "MCDermont"]
[Black "CrapCleaner"]
[Result "1/2-1/2 "]
[ECO "C50"]
[WhiteElo "2482"]
[BlackElo "2476"]
[WhiteEngine "BrainFish 090218"]
[BlackEngine "Raubfisch X38b_CTG"]
[EventType "Swiss"]
[WhiteTeam ""]
[BlackTeam ""]
[PlyCount "99"]
[TimeControl "720+2"]

1. e4 e5 2. Nf3 Nc6 3. Bc4 Bc5 4. O-O Nf6 5. d3 d6 6. c3 O-O 7. Nbd2 a5 
8. Re1 h6 9. Nf1 a4 10. h3 Ra5 11. Ng3 b5 12. b4 axb3 13. Bxb3 Be6 14. Rb1 Bb6 
15. d4 exd4 16. cxd4 d5 17. e5 Ne4 18. Rb2 b4 19. Nxe4 dxe4 20. Rxe4 Bxb3 
21. Rxb3 Re8 22. Rd3 Rxa2 23. Rg4 Re6 24. Qb3 Ra5 25. d5 Nxe5 26. Bb2 Nxd3 
27. dxe6 Nxb2 28. exf7+ Kf8 29. Qxb2 Qd1+ 30. Kh2 Qd6+ 31. g3 Qf6 32. Qxb4+ Kxf7 
33. Re4 Qd6 34. Qe1 Rf5 35. Kg2 Qd5 36. Qe2 Kf8 37. g4 Rf6 38. Re8+ Kf7 
39. Re7+ Kf8 40. Re8+ Kf7 41. Re7+ Kf8 42. Re5 Qc6 43. h4 g6 44. Re4 Kg7 
45. g5 hxg5 46. hxg5 Rf7 47. Re8 Kh7 48. Re5 Kg7 49. Re6 Qd5 50. Re4 1/2-1/2

[Event "Friday 13 April Rapid ET, 12+2, 7 rds, 16.00 ST"]
[Site "Infinity Chess"]
[Date "2018.4.13"]
[Round "7"]
[White "TasicV"]
[Black "Eman"]
[Result "1/2-1/2"]
[ECO "C50"]
[WhiteElo "2441"]
[BlackElo "2463"]
[WhiteEngine "S_XPrO.020418.64.BMI2_CTG"]
[BlackEngine "Eman 1.70-beta20 64-bit POPCNT"]
[EventType "Swiss"]
[WhiteTeam ""]
[BlackTeam ""]
[PlyCount "104"]
[TimeControl "720+2"]

1. e4 e5 2. Nf3 Nc6 3. Bc4 Bc5 4. O-O Nf6 5. d3 O-O 6. c3 d6 7. Bg5 a5 8. a4 h6 
9. Bh4 g5 10. Bg3 Ba7 11. Na3 Ne7 12. Re1 Nh5 13. Nc2 Nf4 14. d4 Neg6 
15. dxe5 Nxe5 16. Nxe5 dxe5 17. Ne3 Bxe3 18. fxe3 Ng6 19. b4 Qxd1 20. Rexd1 Kg7 
21. Rd2 h5 22. Be1 h4 23. b5 Re8 24. h3 Nf8 25. Bd5 Ra7 26. c4 Bd7 27. c5 c6 
28. bxc6 Bxc6 29. Bxc6 bxc6 30. Rd6 Rc8 31. Kf2 Ne6 32. Bc3 Nxc5 33. Bxe5+ Kh7 
34. Kf3 Re8 35. Bd4 Nxe4 36. Rxc6 Rb7 37. Ke2 f6 38. Rac1 Rb3 39. Bxf6 Nxf6 
40. Rxf6 Rbxe3+ 41. Kf2 Re2+ 42. Kf3 Kg7 43. Ra6 R8e3+ 44. Kg4 Rxg2+ 45. Kh5 Kf8 
46. Rf1+ Ke7 47. Ra7+ Kd6 48. Rd1+ Kc5 49. Rxa5+ Kc6 50. Rxg5 Rxg5+ 
51. Kxg5 Rxh3 52. a5 Kb5 1/2-1/2

[Event "Friday 13 April Rapid ET, 12+2, 7 rds, 16.00 ST"]
[Site "Infinity Chess"]
[Date "2018.4.13"]
[Round "7"]
[White "Marsell"]
[Black "KhalidOmar"]
[Result "1/2-1/2"]
[ECO "B90"]
[WhiteElo "2458"]
[BlackElo "2463"]
[WhiteEngine "BrainFish_180408_x64_bmi2"]
[BlackEngine "Eman 1.70-beta20 64-bit BMI2"]
[EventType "Swiss"]
[WhiteTeam ""]
[BlackTeam ""]
[PlyCount "146"]
[TimeControl "720+2"]

1. e4 c5 2. Nf3 d6 3. d4 cxd4 4. Nxd4 Nf6 5. Nc3 a6 6. Be3 e5 7. Nb3 Be6 
8. f3 Be7 9. Qd2 Nbd7 10. g4 O-O 11. O-O-O b5 12. g5 Nh5 13. Nd5 Bxd5 
14. exd5 f6 15. gxf6 Bxf6 16. Na5 Qe8 17. Bh3 Nf4 18. Bxf4 exf4 19. Rhe1 Ne5 
20. Re4 Qh5 21. Be6+ Kh8 22. Qe2 g6 23. h3 Qg5 24. Kb1 Bd8 25. Nc6 Nc4 
26. Nxd8 Raxd8 27. Qf2 Ne5 28. Rg1 Qe7 29. h4 Qg7 30. Rd1 a5 31. Rdd4 b4 
32. Rxf4 Qa7 33. Qg2 Rb8 34. b3 Rxf4 35. Rxf4 Qe3 36. Re4 Qxf3 37. Qxf3 Nxf3 
38. Kb2 Kg7 39. a3 Ne5 40. axb4 axb4 41. c3 bxc3+ 42. Kxc3 h6 43. b4 Kf6 
44. Rf4+ Ke7 45. Kb3 g5 46. Rf1 g4 47. Kc3 Kd8 48. Rf6 g3 49. Rf1 Kc7 
50. Rg1 Ra8 51. Kb3 Kb6 52. Rxg3 Ra1 53. Kb2 Rf1 54. Rg8 Rh1 55. Kc3 Rxh4 
56. Rb8+ Ka6 57. Kc2 h5 58. Kb3 Re4 59. Kc3 h4 60. Ra8+ Kb7 61. Rd8 h3 
62. Rh8 Kb6 63. Bxh3 Re3+ 64. Kc2 Ng6 65. Rh6 Ne5 66. Bf1 Rf3 67. Be2 Rf2 
68. Kd2 Rf4 69. Rxd6+ Kc7 70. Ke3 Kxd6 71. Kxf4 Kxd5 72. b5 Nd7 73. b6 Nxb6 
1/2-1/2

[Event "Friday 13 April Rapid ET, 12+2, 7 rds, 16.00 ST"]
[Site "Infinity Chess"]
[Date "2018.4.13"]
[Round "7"]
[White "Murx"]
[Black "hafaba"]
[Result "1/2-1/2"]
[ECO "A13"]
[WhiteElo "2463"]
[BlackElo "2474"]
[WhiteEngine "asmFishW_2018-04-07_popcnt"]
[BlackEngine "Eman 1.70-beta18x 64-bit POPCNT_CTG"]
[EventType "Swiss"]
[WhiteTeam ""]
[BlackTeam ""]
[PlyCount "99"]
[TimeControl "720+2"]

1. c4 e6 2. d4 d5 3. Nc3 c6 4. e4 dxe4 5. Nxe4 Bb4+ 6. Bd2 Qxd4 7. Bxb4 Qxe4+ 
8. Be2 Na6 9. Ba5 b6 10. Qd6 Bd7 11. Bc3 f6 12. Nf3 Nh6 13. Rd1 Rd8 14. Qa3 Bc8 
15. Nd2 Qf4 16. Bh5+ Nf7 17. O-O c5 18. Qa4+ Ke7 19. Rfe1 Ng5 20. Re3 Rd6 
21. Rde1 Rhd8 22. Nf3 Kf8 23. a3 Nf7 24. h3 Rd3 25. Rxd3 Rxd3 26. Be5 fxe5 
27. Bxf7 Nc7 28. Bg6 Rxf3 29. Qxa7 Qd2 30. Rf1 hxg6 31. Qxc7 Rb3 32. Qxc8+ Kf7 
33. Qb7+ Kf8 34. Qc7 Qd4 35. Qc8+ Kf7 36. Rb1 g5 37. Qb7+ Kf6 38. Qb8 Rxb2 
39. Qf8+ Kg6 40. Qe8+ Kf6 41. Rxb2 Qxb2 42. Qf8+ Kg6 43. g4 Kh7 44. Kg2 Qd4 
45. Qf7 Qxc4 46. Qh5+ Kg8 47. Qe8+ Kh7 48. Qh5+ Kg8 49. Qe8+ Kh7 50. Qh5+ 
1/2-1/2

[Event "Friday 13 April Rapid ET, 12+2, 7 rds, 16.00 ST"]
[Site "Infinity Chess"]
[Date "2018.4.13"]
[Round "6"]
[White "Vimtiroba"]
[Black "OlivierEvan"]
[Result "1/2-1/2"]
[ECO "B28"]
[WhiteElo "2411"]
[BlackElo "2393"]
[WhiteEngine "SF9 ''A5''_CTG"]
[BlackEngine "Houdini 6"]
[EventType "Swiss"]
[WhiteTeam ""]
[BlackTeam ""]
[PlyCount "90"]
[TimeControl "720+2"]

1. e4 c5 2. Nf3 a6 3. Nc3 e6 4. Be2 b5 5. a3 Bb7 6. d4 cxd4 7. Qxd4 Nc6 
8. Qe3 Qc7 9. O-O Be7 10. Rd1 d6 11. Nd4 Nf6 12. Qg3 Ne5 13. Qxg7 Rg8 
14. Qh6 Rg6 15. Qh3 Nxe4 16. Nxe4 Bxe4 17. g3 Bf6 18. c3 Qb7 19. Bh5 Ke7 
20. Qf1 Rgg8 21. Be3 Nc4 22. Qe2 Rac8 23. Bf4 Rc5 24. a4 Bh1 25. f3 Rxh5 
26. Kxh1 Kf8 27. axb5 axb5 28. Qe4 Qxe4 29. fxe4 Nxb2 30. Rf1 Nc4 31. Ra7 Rg6 
32. Rb7 b4 33. Rxb4 Rc5 34. Rb7 h6 35. Nb5 Kg8 36. Nxd6 e5 37. Nxc4 exf4 
38. Nd6 fxg3 39. hxg3 Rxg3 40. Rf5 Rxf5 41. Nxf5 Rxc3 42. Nxh6+ Kh7 43. Nxf7 Kg6 
44. e5 Bxe5 45. Nxe5+ Kf5 1/2-1/2

[Event "Friday 13 April Rapid ET, 12+2, 7 rds, 16.00 ST"]
[Site "Infinity Chess"]
[Date "2018.4.13"]
[Round "6"]
[White "Katzenmaier"]
[Black "star99"]
[Result "1/2-1/2"]
[ECO "C42"]
[WhiteElo "2485"]
[BlackElo "2387"]
[WhiteEngine "Raubfisch X36b"]
[BlackEngine "Cryptic Heroes 9.4B"]
[EventType "Swiss"]
[WhiteTeam ""]
[BlackTeam ""]
[PlyCount "110"]
[TimeControl "720+2"]

1. e4 e5 2. Nf3 Nf6 3. Nxe5 d6 4. Nf3 Nxe4 5. d4 d5 6. Bd3 Nc6 7. O-O Be7 
8. Nbd2 Nd6 9. c3 Bf5 10. Be2 O-O 11. Re1 a5 12. a4 Nb8 13. Nf1 c6 14. Ne5 Nd7 
15. Ng3 Bg6 16. Nxg6 hxg6 17. Bf4 Ne8 18. Nf1 Bd6 19. Bd2 Ndf6 20. Be3 Nh7 
21. Qb3 Qc7 22. g3 Nef6 23. Bd3 Rae8 24. Re2 Ne4 25. Rae1 Qd7 26. Qd1 Re7 
27. Bc1 Rfe8 28. f3 Neg5 29. Rxe7 Rxe7 30. Rxe7 Qxe7 31. Qe2 Ne6 32. Ne3 Nf6 
33. Nc2 c5 34. dxc5 Bxc5+ 35. Kg2 Qd7 36. Bb5 Qd6 37. Ne3 Bb6 38. Nc2 g5 
39. Bd2 g6 40. Ne3 Kg7 41. Qe1 Nc5 42. Nc2 g4 43. fxg4 Nxg4 44. Bf4 Qd8 
45. Ne3 Nxe3+ 46. Qxe3 Nxa4 47. Bh6+ Kh7 48. Qf4 d4 49. Bxa4 Qd5+ 50. Kh3 dxc3 
51. bxc3 Qh5+ 52. Kg2 Qe2+ 53. Kh3 Qh5+ 54. Kg2 Qe2+ 55. Kh3 Qh5+ 1/2-1/2

[Event "Friday 13 April Rapid ET, 12+2, 7 rds, 16.00 ST"]
[Site "Infinity Chess"]
[Date "2018.4.13"]
[Round "6"]
[White "KQRBNP"]
[Black "ocirema"]
[Result "1/2-1/2"]
[ECO "C50"]
[WhiteElo "2401"]
[BlackElo "2420"]
[WhiteEngine "Eman 1.70-beta20 64-bit POPCNT"]
[BlackEngine "asmFishW_2018-04-08_popcnt_CTG"]
[EventType "Swiss"]
[WhiteTeam ""]
[BlackTeam ""]
[PlyCount "115"]
[TimeControl "720+2"]

1. e4 e5 2. Nf3 Nc6 3. Bc4 Bc5 4. O-O Nf6 5. d3 d6 6. Re1 a6 7. c3 Ba7 8. h3 O-O 
9. a4 h6 10. Nbd2 Nh5 11. Nf1 Qf6 12. N1h2 Qg6 13. g4 Be6 14. Bb3 Nf6 
15. Nh4 Qh7 16. Bc2 g6 17. Qf3 Qg7 18. Kh1 Kh8 19. Rg1 Ng8 20. Be3 Bxe3 
21. fxe3 Bd7 22. Qg3 f6 23. N4f3 Nge7 24. Nd2 b5 25. d4 b4 26. a5 Nd8 
27. Nhf3 Bb5 28. h4 Nf7 29. Ne1 Rab8 30. Bd3 Nd8 31. Qh2 bxc3 32. bxc3 g5 
33. h5 Qf7 34. Qe2 exd4 35. exd4 Ne6 36. Bxb5 Nf4 37. Qe3 Rxb5 38. Nd3 Nxd3 
39. Qxd3 Nc6 40. Nc4 Nd8 41. Rgb1 Ne6 42. Rxb5 Nf4 43. Qc2 axb5 44. Ne3 d5 
45. Ra2 dxe4 46. a6 Nd3 47. a7 Ra8 48. c4 Qd7 49. cxb5 Qxb5 50. Ra1 Qb6 
51. Qc4 Rxa7 52. Rxa7 Qxa7 53. Qf7 Qxd4 54. Qe8+ Kh7 55. Qe7+ Kh8 56. Qe8+ Kh7 
57. Qf7+ Kh8 58. Qe8+ 1/2-1/2

[Event "Friday 13 April Rapid ET, 12+2, 7 rds, 16.00 ST"]
[Site "Infinity Chess"]
[Date "2018.4.13"]
[Round "6"]
[White "Deep_Impact"]
[Black "Murx"]
[Result "0-1 "]
[ECO "D31"]
[WhiteElo "2408"]
[BlackElo "2449"]
[WhiteEngine "BrainFish_180323_x64_bmi2"]
[BlackEngine "asmFishW_2018-04-07_popcnt"]
[EventType "Swiss"]
[WhiteTeam ""]
[BlackTeam ""]
[PlyCount "60"]
[TimeControl "720+2"]

1. d4 d5 2. c4 e6 3. Nc3 c6 4. e4 dxe4 5. Nxe4 Bb4+ 6. Bd2 Qxd4 7. Bxb4 Qxe4+ 
8. Be2 Na6 9. Ba5 b6 10. Qd6 Bd7 11. Bc3 f6 12. Nf3 Nh6 13. Rd1 Rd8 14. Qa3 Bc8 
15. Nd2 Qf4 16. Bh5+ Nf7 17. O-O c5 18. Qa4+ Ke7 19. Rfe1 Ng5 20. Re3 Rd6 
21. Rde1 Rhd8 22. Nf3 Kf8 23. a3 Nf7 24. h3 Rd3 25. Rxd3 Rxd3 26. Be5 fxe5 
27. Bxf7 Nc7 28. Bg6 Rxf3 29. Qxa7 Qd2 30. Rf1 Rb3 0-1

[Event "Friday 13 April Rapid ET, 12+2, 7 rds, 16.00 ST"]
[Site "Infinity Chess"]
[Date "2018.4.13"]
[Round "6"]
[White "Eman"]
[Black "angriff"]
[Result "1/2-1/2 "]
[ECO "D30"]
[WhiteElo "2466"]
[BlackElo "2383"]
[WhiteEngine "Eman 1.70-beta20 64-bit POPCNT"]
[BlackEngine "DracoREX 3.07 64BIT POPCNT_CTG"]
[EventType "Swiss"]
[WhiteTeam ""]
[BlackTeam ""]
[PlyCount "174"]
[TimeControl "720+2"]

1. d4 d5 2. c4 e6 3. Nf3 Nf6 4. Nc3 c6 5. e3 Nbd7 6. Qc2 Bd6 7. Bd3 O-O 
8. O-O dxc4 9. Bxc4 a6 10. Rd1 b5 11. Bd3 Qc7 12. Bd2 c5 13. Ne4 c4 
14. Nxd6 Qxd6 15. Be2 Bb7 16. b3 Bd5 17. Qb2 Ne4 18. Ba5 Rfc8 19. Rdc1 f5 
20. Rc2 Rab8 21. Qc1 Rc6 22. bxc4 bxc4 23. Nd2 Nxd2 24. Qxd2 e5 25. dxe5 Nxe5 
26. f3 Rbc8 27. Rd1 Nd3 28. Bxd3 cxd3 29. Rxc6 Bxc6 30. Qc3 Bd7 31. Rxd3 Rxc3 
32. Rxd6 Rc1+ 33. Kf2 Rc2+ 34. Rd2 Rxd2+ 35. Bxd2 g5 36. e4 fxe4 37. fxe4 h6 
38. Ke3 Kf7 39. Be1 Ke6 40. h4 gxh4 41. Bxh4 a5 42. Be1 a4 43. a3 h5 44. Bf2 Ke5 
45. Bg3+ Kf6 46. Bh4+ Ke5 47. Bg3+ Kf6 48. Kf4 Ke6 49. Be1 Kf6 50. g3 Bc6 
51. Ba5 Kf7 52. Bc3 Ke6 53. Ke3 Be8 54. Be1 Bc6 55. Kd4 Bd7 56. Bd2 Bc6 
57. Bf4 Bb5 58. Bc7 Bc6 59. Ke3 Bb5 60. Bf4 Bc6 61. Kf3 Kf6 62. Bd2 Kf7 
63. Bc3 Ke7 64. Ke3 Ke6 65. Be1 Bb5 66. Kd4 Be2 67. Ba5 Bg4 68. Ke3 Kf6 
69. Kd4 Bd7 70. Kd5 Kg5 71. Kd6 Bc8 72. Bd8+ Kg6 73. Kc6 Bg4 74. Bh4 Kf7 
75. Kd5 Be6+ 76. Kd6 Bc4 77. Ke5 Bf1 78. Kd6 Bd3 79. e5 Bc4 80. Bd8 Be6 
81. Bb6 Bb3 82. Bc7 Bc4 83. Bb8 Be6 84. Ba7 Bc8 85. Bb6 Bh3 86. Bf2 Be6 
87. Bb6 Bf5 1/2-1/2

[Event "Friday 13 April Rapid ET, 12+2, 7 rds, 16.00 ST"]
[Site "Infinity Chess"]
[Date "2018.4.13"]
[Round "6"]
[White "Time_bandit"]
[Black "MCDermont"]
[Result "1/2-1/2"]
[ECO "C65"]
[WhiteElo "2454"]
[BlackElo "2483"]
[WhiteEngine "asmFishW_2018-02-02_popcnt"]
[BlackEngine "BrainFish 090218"]
[EventType "Swiss"]
[WhiteTeam ""]
[BlackTeam ""]
[PlyCount "115"]
[TimeControl "720+2"]

1. e4 e5 2. Nf3 Nc6 3. Bb5 Nf6 4. O-O Nxe4 5. d4 Nd6 6. Bxc6 dxc6 7. dxe5 Nf5 
8. Qxd8+ Kxd8 9. Nc3 Bd7 10. Rd1 Kc8 11. Ng5 Be8 12. Rd3 Be7 13. Nge4 b6 
14. b3 a5 15. Bb2 Bd7 16. a4 Be6 17. Ne2 g5 18. Nd6+ Bxd6 19. exd6 Rd8 
20. Bf6 Rxd6 21. Rxd6 cxd6 22. Bxg5 Kd7 23. Bf6 c5 24. Rd1 d5 25. Nf4 d4 
26. g4 Ne7 27. Bxe7 Kxe7 28. f3 Kd6 29. Kf2 Re8 30. h4 Kc6 31. Re1 Bd7 
32. c4 Rxe1 33. Kxe1 Kd6 34. Kf2 f6 35. Nd5 Ke6 36. Nxb6 Bc6 37. Ke2 d3+ 
38. Kxd3 Bxf3 39. g5 fxg5 40. hxg5 Bd1 41. Kc3 Bg4 42. Kd2 Bf3 43. Kc3 Kf5 
44. Nd7 Kxg5 45. Kd2 h5 46. Ke3 Bg4 47. Nxc5 Bd1 48. Kd2 Bg4 49. Ne4+ Kf4 
50. Nf6 h4 51. Nxg4 Kxg4 52. Ke3 h3 53. Kf2 Kf4 54. Kg1 Kf5 55. Kh2 Kg4 
56. b4 axb4 57. c5 b3 58. c6 1/2-1/2

[Event "Friday 13 April Rapid ET, 12+2, 7 rds, 16.00 ST"]
[Site "Infinity Chess"]
[Date "2018.4.13"]
[Round "6"]
[White "CrapCleaner"]
[Black "TasicV"]
[Result "1/2-1/2"]
[ECO "C50"]
[WhiteElo "2477"]
[BlackElo "2440"]
[WhiteEngine "Raubfisch X38b_CTG"]
[BlackEngine "S_XPrO.020418.64.BMI2_CTG"]
[EventType "Swiss"]
[WhiteTeam ""]
[BlackTeam ""]
[PlyCount "100"]
[TimeControl "720+2"]

1. e4 e5 2. Nf3 Nc6 3. Bc4 Bc5 4. O-O Nf6 5. d3 d6 6. c3 a5 7. Bg5 Ba7 
8. Nbd2 h6 9. Bh4 O-O 10. Re1 g5 11. Bg3 Nh7 12. h3 h5 13. d4 g4 14. Bh4 Qd7 
15. Nh2 Kh8 16. Ndf1 exd4 17. cxd4 Nxd4 18. Ng3 b5 19. Bd5 c6 20. Nxh5 f5 
21. Qd2 g3 22. exf5 cxd5 23. Re7 Nxf5 24. Rxd7 gxh2+ 25. Kxh2 Bxd7 26. Bg3 Rae8 
27. Re1 Rxe1 28. Qxe1 Nxg3 29. Qc3+ Nf6 30. fxg3 b4 31. Qc7 Bb8 32. Qc1 Nxh5 
33. Qh6+ Kg8 34. Qxh5 Bf5 35. Qg5+ Kh7 36. Qe7+ Kg8 37. Qg5+ Kh7 38. Qe7+ Kg8 
39. h4 d4 40. Kg1 d5 41. Qg5+ Kh8 42. a3 Be4 43. Qe7 Kg8 44. Qe6+ Kg7 
45. Qe7+ Rf7 46. Qg5+ Kh7 47. Qh5+ Kg8 48. Qg5+ Kh7 49. Qh5+ Kg8 50. Qg5+ Kh7 
1/2-1/2

[Event "Friday 13 April Rapid ET, 12+2, 7 rds, 16.00 ST"]
[Site "Infinity Chess"]
[Date "2018.4.13"]
[Round "6"]
[White "KhalidOmar"]
[Black "RonWeasley"]
[Result "1/2-1/2 "]
[ECO "E10"]
[WhiteElo "2463"]
[BlackElo "2474"]
[WhiteEngine "Eman 1.70-beta20 64-bit BMI2"]
[BlackEngine "BrainFish 090218_CTG"]
[EventType "Swiss"]
[WhiteTeam ""]
[BlackTeam ""]
[PlyCount "126"]
[TimeControl "720+2"]

1. d4 Nf6 2. c4 e6 3. Nf3 d5 4. Nc3 c6 5. e3 Nbd7 6. Qc2 Bd6 7. Bd3 dxc4 
8. Bxc4 O-O 9. O-O a6 10. Rd1 b5 11. Bd3 Qc7 12. Bd2 c5 13. Ne4 c4 14. Nxd6 Qxd6 
15. Be2 Bb7 16. b3 Bd5 17. Ba5 Rfc8 18. Qb2 Ne4 19. Rdc1 f5 20. Rc2 Rc6 
21. bxc4 bxc4 22. Bb4 Qb8 23. Qa3 a5 24. Be7 Qc7 25. Rac1 Ra7 26. Bh4 h6 
27. Ne1 g5 28. f3 gxh4 29. fxe4 fxe4 30. Qe7 e5 31. Qxh4 Nb6 32. g3 exd4 
33. exd4 Qg7 34. Rd1 e3 35. Ng2 Bxg2 36. Kxg2 Rf6 37. Kg1 Qg6 38. Rb2 Rf2 
39. Bh5 Qf6 40. Qxf6 Rxf6 41. Rb5 Re7 42. Be2 a4 43. Rf1 Ree6 44. Rc5 Rxf1+ 
45. Kxf1 Rf6+ 46. Ke1 Kf7 47. h4 a3 48. Re5 Re6 49. Rf5+ Rf6 50. Re5 Re6 
51. Rh5 Rf6 52. Rc5 Ke7 53. Rb5 c3 54. Rc5 Na4 55. Re5+ Kd6 56. Rxe3 Kd5 
57. Bb5 Kxd4 58. Rd3+ Ke4 59. Ke2 Rb6 60. Re3+ Kd4 61. Rd3+ Ke4 62. Re3+ Kd4 
63. Bxa4 Rb2+ 1/2-1/2

[Event "Friday 13 April Rapid ET, 12+2, 7 rds, 16.00 ST"]
[Site "Infinity Chess"]
[Date "2018.4.13"]
[Round "6"]
[White "hafaba"]
[Black "Marsell"]
[Result "1/2-1/2"]
[ECO "C55"]
[WhiteElo "2475"]
[BlackElo "2457"]
[WhiteEngine "Eman 1.70-beta18x 64-bit POPCNT_CTG"]
[BlackEngine "BrainFish_180408_x64_bmi2"]
[EventType "Swiss"]
[WhiteTeam ""]
[BlackTeam ""]
[PlyCount "99"]
[TimeControl "720+2"]

1. e4 e5 2. Nf3 Nc6 3. Bc4 Nf6 4. d3 Bc5 5. O-O d6 6. c3 O-O 7. Bg5 h6 8. Bh4 a6 
9. a4 g5 10. Bg3 Ba7 11. Nbd2 Nh7 12. h3 h5 13. Kh1 Kh8 14. b4 h4 15. Bh2 g4 
16. hxg4 Bxg4 17. b5 Na5 18. Ba2 Ng5 19. d4 h3 20. gxh3 Nxh3 21. Qe1 Rg8 
22. bxa6 Rg7 23. Qe3 Qf6 24. axb7 Nxb7 25. Nxe5 dxe5 26. Bxe5 Qxe5 27. Qh6+ Rh7 
28. Qxh7+ Kxh7 29. dxe5 Nc5 30. Bxf7 Rd8 31. Ra2 Rh8 32. Kg2 Nd3 33. e6 Kg7 
34. Nf3 Kf6 35. Kg3 Bxf3 36. Kxf3 Nhxf2 37. e5+ Nxe5+ 38. Kg2 Ned3 
39. Rfxf2+ Nxf2 40. Rxf2+ Bxf2 41. Kxf2 Rh3 42. Ke2 Rxc3 43. a5 Rc5 44. a6 Ra5 
45. a7 Rxa7 46. Kd3 Ra8 47. Kd4 Rd8+ 48. Kc4 Rd2 49. Bg8 Rc2+ 50. Kd3 1/2-1/2

[Event "Friday 13 April Rapid ET, 12+2, 7 rds, 16.00 ST"]
[Site "Infinity Chess"]
[Date "2018.4.13"]
[Round "5"]
[White "star99"]
[Black "Vimtiroba"]
[Result "1/2-1/2"]
[ECO "C77"]
[WhiteElo "2386"]
[BlackElo "2412"]
[WhiteEngine "Cryptic Heroes 9.4B"]
[BlackEngine "SF9 ''A5''_CTG"]
[EventType "Swiss"]
[WhiteTeam ""]
[BlackTeam ""]
[PlyCount "89"]
[TimeControl "720+2"]

1. e4 e5 2. Nf3 Nc6 3. Bb5 a6 4. Ba4 Nf6 5. O-O Be7 6. d3 b5 7. Bb3 d6 8. a4 Bd7 
9. Bd2 b4 10. a5 O-O 11. Be3 Qc8 12. Nbd2 Be6 13. Re1 Bxb3 14. Nxb3 Re8 
15. Nfd2 Nd7 16. Qe2 Rb8 17. Rec1 Nd8 18. g3 Rb5 19. h4 Ne6 20. Rd1 g6 
21. Qf1 c6 22. Bh6 Ndc5 23. Nxc5 Rxc5 24. Rdc1 d5 25. Qe2 Rb5 26. Nf3 Nd4 
27. Nxd4 exd4 28. Re1 Bf8 29. Bxf8 Kxf8 30. e5 Qe6 31. b3 h5 32. f4 Rc5 
33. Qg2 Rc3 34. Re2 c5 35. Rf1 c4 36. f5 gxf5 37. Ref2 cxb3 38. cxb3 Rxd3 
39. Rxf5 Re7 40. Qf2 Rxb3 41. Qf4 Ke8 42. Rg5 Kf8 43. Rf5 Qg6 44. Rg5 Qe6 
45. Rf5 1/2-1/2

[Event "Friday 13 April Rapid ET, 12+2, 7 rds, 16.00 ST"]
[Site "Infinity Chess"]
[Date "2018.4.13"]
[Round "5"]
[White "ocirema"]
[Black "angriff"]
[Result "1/2-1/2"]
[ECO "D02"]
[WhiteElo "2422"]
[BlackElo "2381"]
[WhiteEngine "asmFishW_2018-04-08_popcnt_CTG"]
[BlackEngine "DracoREX 3.07 64BIT POPCNT_CTG"]
[EventType "Swiss"]
[WhiteTeam ""]
[BlackTeam ""]
[PlyCount "150"]
[TimeControl "720+2"]

1. d4 d5 2. Nf3 Nf6 3. c4 e6 4. Nc3 c6 5. e3 Nbd7 6. Qc2 Bd6 7. Bd3 O-O 
8. O-O dxc4 9. Bxc4 b5 10. Be2 Bb7 11. Rd1 Qc7 12. e4 e5 13. dxe5 Nxe5 
14. Nd4 Bc5 15. Bf4 Bxd4 16. Rxd4 Nf3+ 17. Bxf3 Qxf4 18. Rad1 a6 19. R4d3 c5 
20. g3 Qc7 21. Bg2 Rfd8 22. a4 Rxd3 23. Qxd3 b4 24. Nd5 Nxd5 25. exd5 Qd6 
26. Rc1 Re8 27. h4 g6 28. Qc4 Qe5 29. b3 Kg7 30. Rd1 Qd6 31. Rc1 Rc8 32. Qc2 Rc7 
33. Qb2+ Qf6 34. Qxf6+ Kxf6 35. d6 Rd7 36. Bxb7 Rxb7 37. Rxc5 Rd7 38. Kf1 Rxd6 
39. Ke2 Ke6 40. Ke3 Rd5 41. Rc8 a5 42. Rc6+ Rd6 43. Rc5 Rd5 44. Rc6+ Rd6 
45. Rc8 Rd5 46. Ra8 h5 47. Ke4 Rf5 48. Ra6+ Kd7 49. Kd4 Kc7 50. f4 Kd7 
51. Rb6 Kc7 52. Ra6 Kd7 53. Ra7+ Kc6 54. Ra8 Rd5+ 55. Ke3 Kb6 56. Rf8 Rf5 
57. Ke4 Rf6 58. Kd5 Kc7 59. Kc5 Rf5+ 60. Kd4 Kc6 61. Rd8 Rf6 62. Rc8+ Kb6 
63. Rd8 Rc6 64. Rd7 Rc3 65. Rxf7 Rxg3 66. Rf6+ Kc7 67. Kc4 Rh3 68. Rxg6 Rxh4 
69. Kb5 Rh3 70. f5 Rxb3 71. Kxa5 Rf3 72. Kxb4 Rxf5 73. a5 Re5 74. Rg7+ Kc6 
75. a6 Kb6 1/2-1/2

[Event "Friday 13 April Rapid ET, 12+2, 7 rds, 16.00 ST"]
[Site "Infinity Chess"]
[Date "2018.4.13"]
[Round "5"]
[White "Katzenmaier"]
[Black "KQRBNP"]
[Result "1/2-1/2"]
[ECO "A20"]
[WhiteElo "2489"]
[BlackElo "2397"]
[WhiteEngine "Raubfisch X36b"]
[BlackEngine "Eman 1.70-beta20 64-bit POPCNT"]
[EventType "Swiss"]
[WhiteTeam ""]
[BlackTeam ""]
[PlyCount "131"]
[TimeControl "720+2"]

1. c4 e5 2. g3 Nf6 3. Bg2 d5 4. cxd5 Nxd5 5. Nc3 Nb6 6. e3 Nc6 7. Nge2 h5 
8. O-O h4 9. d4 hxg3 10. fxg3 Bg4 11. Qb3 Qd7 12. dxe5 Be6 13. Qc2 O-O-O 
14. b3 Nd5 15. Rd1 Ndb4 16. Rxd7 Nxc2 17. Rxd8+ Nxd8 18. Rb1 Bc5 19. Be4 Bxe3+ 
20. Bxe3 Nxe3 21. Nd4 Ng4 22. Nf3 Nc6 23. Bxc6 bxc6 24. Rd1 Re8 25. Rd4 Bf5 
26. Rf4 g6 27. Nd4 Rxe5 28. h3 Ne3 29. g4 Be6 30. Nxe6 fxe6 31. Kf2 Nd5 
32. Re4 Rxe4 33. Nxe4 Kd7 34. h4 e5 35. Kf3 Ke6 36. Ng5+ Kf6 37. a3 Ne7 
38. Ke4 Nd5 39. a4 Nb6 40. a5 Nc8 41. b4 Nd6+ 42. Ke3 Ne8 43. Kd3 Nd6 
44. Ne4+ Ke6 45. Nc3 Kf7 46. Ne4 Ke6 47. Nc3 Kf7 48. Ke3 Kf6 49. Ne4+ Ke6 
50. h5 gxh5 51. gxh5 Kf5 52. Nd2 Nf7 53. Ne4 Kg4 54. Nc5 Kxh5 55. Ke4 Kg6 
56. Nd7 Nd6+ 57. Kxe5 Kf7 58. Nc5 Ke8 59. Nd3 Kd7 60. Kd4 Nb7 61. Nc5+ Nxc5 
62. Kxc5 a6 63. Kd4 c5+ 64. Kxc5 Kd8 65. b5 Kc8 66. b6 1/2-1/2

[Event "Friday 13 April Rapid ET, 12+2, 7 rds, 16.00 ST"]
[Site "Infinity Chess"]
[Date "2018.4.13"]
[Round "5"]
[White "OlivierEvan"]
[Black "Marsell"]
[Result "0-1 "]
[ECO "A00"]
[WhiteElo "2408"]
[BlackElo "2442"]
[WhiteEngine "Houdini 6"]
[BlackEngine "BrainFish_180408_x64_bmi2"]
[EventType "Swiss"]
[WhiteTeam ""]
[BlackTeam ""]
[PlyCount "149"]
[TimeControl "720+2"]

1. g3 d5 2. Nf3 Nf6 3. Bg2 c6 4. O-O Bf5 5. d3 e6 6. Nbd2 h6 7. b3 Be7 
8. Re1 O-O 9. Bb2 Nbd7 10. e4 Bh7 11. Qe2 a5 12. a4 Nc5 13. Ne5 Rc8 14. f4 Ncd7 
15. Nef3 Bc5+ 16. Kh1 Ng4 17. Nd4 Qb6 18. c3 Ngf6 19. e5 Ne8 20. N4f3 Nc7 
21. Bh3 Rfe8 22. Bf1 Be7 23. h4 Bf5 24. Kh2 Bg6 25. Rec1 Na6 26. d4 c5 
27. Qb5 Qc7 28. c4 Nb4 29. cxd5 Nxd5 30. Bd3 Bh5 31. Ne1 Qd8 32. Ne4 g5 
33. fxg5 hxg5 34. Ng2 gxh4 35. gxh4 Kh8 36. Be2 Bg6 37. Bf3 Bxh4 38. Qe2 Kg7 
39. Kg1 Rh8 40. Rc4 cxd4 41. Rxc8 Qxc8 42. Bxd4 Qg8 43. Nf2 Ne7 44. Rd1 Bg3 
45. Ng4 Qh7 46. N2e3 Qh4 47. Qg2 Nc6 48. Nf1 Nxd4 49. Rxd4 Nxe5 50. Nxg3 f5 
51. Bxb7 fxg4 52. Qf2 Qf6 53. Qe3 Rh3 54. Kg2 Bf5 55. Qc3 Kg6 56. Qe3 Nf7 
57. Rd2 Ng5 58. Qd4 Qe7 59. Qd7 Qc5 60. Nxf5 Qxf5 61. Qe8+ Kg7 62. Qd8 Rxb3 
63. Bc6 Nf7 64. Qd4+ e5 65. Qc4 Ra3 66. Rd1 Qf4 67. Qxf4 exf4 68. Rd4 Ra2+ 
69. Kf1 Ne5 70. Rxf4 Nxc6 71. Rxg4+ Kf6 72. Rc4 Ne5 73. Rf4+ Ke6 74. Rd4 Nc6 
75. Rh4 0-1

[Event "Friday 13 April Rapid ET, 12+2, 7 rds, 16.00 ST"]
[Site "Infinity Chess"]
[Date "2018.4.13"]
[Round "5"]
[White "Time_bandit"]
[Black "Deep_Impact"]
[Result "1/2-1/2"]
[ECO "B12"]
[WhiteElo "2456"]
[BlackElo "2406"]
[WhiteEngine "asmFishW_2018-02-02_popcnt"]
[BlackEngine "BrainFish_180323_x64_bmi2"]
[EventType "Swiss"]
[WhiteTeam ""]
[BlackTeam ""]
[PlyCount "109"]
[TimeControl "720+2"]

1. e4 c6 2. d4 e6 3. Nf3 d5 4. Nc3 Bb4 5. Bd3 dxe4 6. Bxe4 Nf6 7. Bd3 c5 
8. a3 Bxc3+ 9. bxc3 Qc7 10. O-O c4 11. Be2 Nd5 12. Qe1 b6 13. Ne5 O-O 
14. Bxc4 f6 15. Qe4 Nxc3 16. Qd3 b5 17. Qxc3 bxc4 18. Nd3 Bb7 19. f3 Bd5 
20. Bf4 Qc8 21. Nc5 Nd7 22. Ne4 Qc6 23. Qe3 Qa4 24. Rf2 Bxe4 25. fxe4 e5 
26. dxe5 fxe5 27. Bg3 Rxf2 28. Qxf2 Re8 29. Qf5 Nf6 30. Bxe5 Qxc2 31. Bxf6 gxf6 
32. Qxf6 Qxe4 33. Qg5+ Qg6 34. Qc5 Qb6 35. Qxb6 axb6 36. Kf2 b5 37. Rb1 Rf8+ 
38. Ke3 Rf5 39. a4 bxa4 40. Rb4 Rf8 41. Rxa4 Re8+ 42. Kd2 Rd8+ 43. Kc1 Kf7 
44. g3 Rc8 45. h3 Kg6 46. Kd2 Kg5 47. Kc3 Kg6 48. g4 Kg5 49. Kd2 Kh4 
50. Kc3 Kxh3 51. g5 Kg4 52. Rxc4+ Rxc4+ 53. Kxc4 Kf3 54. Kd4 Kf4 55. Kd3 1/2-1/2